 Dungeon Crawl Stone Soup version 0.23.2-1-ga50397a (webtiles) character file.

Game seed: 8948238927106397261

642 sankara the Ruffian (level 7, -14/65 HPs)
             Began as a Troll Earth Elementalist on Apr 16, 2019.
             Was a Follower of Okawaru.
             Demolished by an orc warrior
             ... wielding a +0 mace
              (20 damage)
             ... on level 5 of the Dungeon.
             The game lasted 01:06:16 (4543 turns).

sankara the Ruffian (Troll Earth Elementalist)      Turns: 4543, Time: 01:06:16

Health: -14/65     AC:  6    Str: 17    XL:     7   Next: 26%
Magic:  2/9        EV: 12    Int: 13    God:    Okawaru [*.....]
Gold:   406        SH:  5    Dex: 10    Spells: 4/10 levels left

rFire    . . .     SeeInvis +     - Unarmed
rCold    . . .     Gourm    +   (no shield)
rNeg     . . .     Faith    .   i - +0 robe
rPois    .         Spirit   .   (helmet restricted)
rElec    .         Reflect  +   (no cloak)
rCorr    .         Harm     .   (gloves unavailable)
MR       .....                  (boots unavailable)
Stlth    +++.......             y - +5 amulet of reflection
HPRegen  0.60/turn              n - ring of see invisible {sInv, !d}
MPRegen  0.11/turn              v - ring of wizardry {Wiz+, !d}

@: heroism
A: large, unfitting armour, claws 3, fast metabolism 3, gourmand, regeneration
1, shaggy fur 1, tough skin 3
a: Heroism, Renounce Religion


You were on level 5 of the Dungeon.
You worshipped Okawaru.
Okawaru was aware of your devotion.
You were very full.

You visited 2 branches of the dungeon, and saw 7 of its levels.
You also visited: Sewer.

You collected 406 gold pieces.

Inventory:

Hand Weapons
 b - a +0 hunting sling
   (You found it on level 1 of the Dungeon)
 g - a +2 hand axe of electrocution
   (You found it on level 1 of the Dungeon)
 l - a +0 blowgun
   (You took it off a kobold on level 3 of the Dungeon)
 m - a cursed +0 hunting sling
   (You found it on level 1 of the Dungeon)
Missiles
 c - 155 stones (quivered)
 q - a curare-tipped needle
Armour
 i - a +0 robe (worn)
Jewellery
 f - an uncursed amulet of faith {Faith, !P}
   (You found it on level 1 of the Dungeon)
 n - a ring of see invisible (left claw) {sInv, !d}
   (You found it on level 1 of the Dungeon)
 v - a ring of wizardry (right claw) {Wiz+, !d}
   (You found it on level 3 of the Dungeon)
 y - a +5 amulet of reflection (around neck)
   (You found it on level 3 of the Dungeon)
Scrolls
 a - a scroll of remove curse {unknown}
 h - a scroll of enchant armour {unknown}
 j - 4 scrolls of identify {unknown}
 r - 3 scrolls of enchant weapon {unknown}
 t - 8 scrolls of teleportation {unknown}
 w - a scroll of noise {unknown}
 z - 2 scrolls of fear {unknown}
 C - a scroll of amnesia {unknown}
 E - a scroll of immolation {unknown}
 J - 5 scrolls of blinking {unknown}
Potions
 e - a potion of curing {unknown}
 k - a potion of brilliance {unknown}
 o - a potion of degeneration {unknown}
 s - a potion of magic {unknown}
 u - a potion of haste
 I - 2 potions of might {unknown}
Comestibles
 d - 13 rations
 x - a chunk of flesh {@w0}


   Skills:
 - Level 2.0(7.0) Fighting
 - Level 1.5(6.5) Dodging
 - Level 1.0(6.0) Stealth
 * Level 5.1(10.1) Unarmed Combat
 - Level 2.0 Spellcasting
 - Level 0.6 Transmutations
 + Level 4.4 Earth Magic
 + Level 1.6 Invocations


You had 4 spell levels left.
You knew the following spells:

 Your Spells              Type           Power        Failure   Level  Hunger
a - Sandblast             Erth           ##....       1%          1    ##.....
b - Passwall              Tmut/Erth      #.......     6%          2    ###....
c - Stone Arrow           Conj/Erth      #.....       12%         3    ####...

Your spell library contained the following spells:

 Spells                   Type           Power        Failure   Level  Hunger
 Petrify                  Tmut/Erth      #.......     32%         4    #####..
 Lee's Rapid Deconstruct  Erth           ##........   41%         5    ######.


Dungeon Overview and Level Annotations

Branches:
Dungeon (6/15)             Temple (1/1) D:4

Altars:
Ashenzari
Dithmenos
Elyvilon
Fedhas
Kikubaaqudgha
Makhleb
Okawaru
Qazlal
Sif Muna
Trog
Vehumet
Wu Jian
Xom
Zin
The Shining One

Shops:
D:5 [

Annotations:
D:5 exclusion: Eustachio, Eustachio


Innate Abilities, Weirdness & Mutations

You are too large for most types of armour.
You have claws for hands.
Your metabolism is lightning-fast.
You like to eat raw meat.
Your natural rate of healing is unusually fast.
You are covered in fur. (AC +1)
You have extremely tough skin. (AC +3)


Message History

You block the gnoll's attack. The gnoll misses you.
There is a stone staircase leading up here.
The gnoll closely misses you.
The howler monkey hoots and howls with incredible vigour!
The orc warrior barely misses you.
You hear an angry hiss.
You climb upwards.
Level annotation: exclusion: Eustachio, Eustachio
There is a stone staircase leading down, spattered with blood here.
Things that are here:
a +0 robe; a +0 dagger You scratch the gnoll.
The gnoll is moderately wounded.
The gnoll hits you with a +0 club. The gnoll barely misses you.
You scratch the gnoll.
The gnoll is heavily wounded.
The gnoll hits you but does no damage.
The orc warrior hits you with a +0 mace.
The shadow imp shouts, "Get thee gone, thou plume-plucked motley-minded gonus!"
The gnoll hits you with a +0 flail!
You claw the gnoll!
You kill the gnoll!
Okawaru accepts your kill.
The shadow imp laughs crazily.
The orc warrior closely misses you. The gnoll closely misses you.
You closely miss the shadow imp.
The shadow imp shouts, "Accept thy doom, thou foisting toot-wallowing mule!"
You block the shadow imp's attack. The orc warrior closely misses you.
You closely miss the shadow imp. The gnoll hits you with a +0 flail!
The shadow imp hits you but does no damage.
Casting: Passwall (safe; 6% risk of failure)
Confirm with . or Enter, or press ? or * to list all spells.
Aiming: Sandblast (safe; 1% risk of failure)
Press: ? - help, Shift-Dir - straight line, f - shadow imp
Aim: a shadow imp The blast of sand hits the shadow imp.
The shadow imp is heavily wounded.
c - 159 stones The orc warrior hits you with a +0 mace!
The gnoll closely misses you. The shadow imp gestures at you.
You struggle to resist.
Casting: Sandblast (safe; 1% risk of failure)
Confirm with . or Enter, or press ? or * to list all spells.
Aiming: Sandblast (safe; 1% risk of failure)
Press: ? - help, Shift-Dir - straight line, f/p - shadow imp
Aim: a shadow imp (heavily wounded)
The blast of sand hits the shadow imp.
The shadow imp is almost dead.
c - 158 stones The orc warrior barely misses you.
The gnoll hits you but does no damage. The shadow imp misses you.
Casting: Sandblast (safe; 1% risk of failure)
Confirm with . or Enter, or press ? or * to list all spells.
Aiming: Sandblast (safe; 1% risk of failure)
Press: ? - help, Shift-Dir - straight line, f/p - shadow imp
Aim: a shadow imp (severely wounded)
The blast of sand hits the shadow imp but does no damage.
The shadow imp is severely wounded.
c - 157 stones The shadow imp barely misses you.
The orc warrior hits you with a +0 mace!
* * * LOW HITPOINT WARNING * * *
You block the gnoll's attack.
Okay, then.
Okay, then.
You feel much better. The shadow imp gestures at you.
Pain shoots through your body!
The orc warrior hits you with a +0 mace!
* * * LOW HITPOINT WARNING * * *
The gnoll hits you with a +0 flail.
* * * LOW HITPOINT WARNING * * *
Casting: Sandblast (safe; 1% risk of failure)
Confirm with . or Enter, or press ? or * to list all spells.
Aiming: Sandblast (safe; 1% risk of failure)
Press: ? - help, Shift-Dir - straight line, f/p - shadow imp
Aim: a shadow imp (severely wounded)
The blast of sand hits the shadow imp.
The shadow imp is almost dead.
c - 156 stones The shadow imp hits you.
* * * LOW HITPOINT WARNING * * *
Casting: Sandblast (safe; 1% risk of failure)
Confirm with . or Enter, or press ? or * to list all spells.
Aiming: Sandblast (safe; 1% risk of failure)
Press: ? - help, Shift-Dir - straight line, f/p - shadow imp
Aim: a shadow imp (almost dead)
The blast of sand hits the shadow imp!
You kill the shadow imp!
Okawaru accepts your kill.
c - 155 stones You block the orc warrior's attack.
The gnoll hits you with a +0 flail!
* * * LOW HITPOINT WARNING * * *
Things that are here:
a +0 club; a +0 leather armour
Okay, then.
You gain the combat prowess of a mighty hero.
The orc warrior hits you with a +0 mace!!
You die...

#.#.#####.# #.# ##
#.........# #.#
###..####.####.# ########
#............#######
#...)...
##.#...............#
#.######
#.#.##.##########.###.#
######.#.##...##gg......##.#
..............##o#####..[..#
.#####.#.###..##@# ##.####
.# #...........# #.# .#
#.#.###..#### #.# .#####.#.#
#..# #.# .##....#.# #..# #.#
.##....#.# #..# #.#
.##....#.# #..# ##.##
.###.#<#.###..##### ##...#
.# #.#.#..........# #....#


You could see an orc warrior and 2 gnolls.

Vanquished Creatures
  A black bear (D:6)
  Purgy (Sewer)
  A crimson imp (D:5)
  A quasit (D:6)
  2 bullfrog skeletons (D:6)
  A hound (D:4)
  2 orc wizards (D:5)
  Terence (D:2)
  2 worker ants
  2 hound skeletons (D:5)
  A howler monkey zombie (D:5)
  A gnoll (D:5)
  4 adders
  A shadow imp (D:5)
  An adder zombie (D:6)
  A worm (D:4)
  3 dart slugs (D:1)
  5 leopard geckos
  2 orcs (D:5)
  2 ball pythons
  5 giant cockroaches
  6 goblins
  5 hobgoblins
  2 jackals (D:3)
  2 quokkas
  8 bats
  9 frilled lizards
  6 kobolds
  A leopard gecko skeleton (D:6)
  9 rats
88 creatures vanquished.

Notes
Turn   | Place    | Note
-------+----------+-------------------------------------------
     0 | D:1      | sankara the Troll Earth Elementalist began the quest for
                  | the Orb.
     0 | D:1      | Reached XP level 1. HP: 16/16 MP: 1/1
   124 | D:1      | Reached XP level 2. HP: 24/24 MP: 3/3
   128 | D:1      | Learned a level 2 spell: Passwall
   154 | D:1      | Reached skill level 1 in Unarmed Combat
   286 | D:1      | Reached skill level 3 in Earth Magic
   663 | D:1      | Reached XP level 3. HP: 31/31 MP: 4/4
  1031 | D:2      | Noticed Terence
  1265 | D:2      | Found a shattered altar of Ashenzari.
  1340 | D:2      | Reached skill level 2 in Unarmed Combat
  1389 | D:2      | HP: 7/31 [poisoned by Terence]
  1395 | D:2      | HP: 5/31 [poisoned by Terence]
  1400 | D:2      | HP: 4/31 [poisoned by Terence]
  1405 | D:2      | HP: 3/31 [poisoned by Terence]
  1412 | D:2      | HP: 4/31 [poisoned by Terence]
  1419 | D:2      | HP: 5/31 [poisoned by Terence]
  1427 | D:2      | HP: 7/31 [poisoned by Terence]
  2014 | D:3      | Reached XP level 4. HP: 39/39 MP: 2/5
  2019 | D:3      | Learned a level 3 spell: Stone Arrow
  2487 | D:4      | Found a staircase to the Ecumenical Temple.
  2497 | Temple   | Entered the Ecumenical Temple
  2592 | Temple   | Became a worshipper of Warmaster Okawaru
  2677 | D:4      | Found a deep blue altar of Sif Muna.
  2759 | D:4      | Found a blossoming altar of Fedhas.
  2880 | D:4      | Found a burning altar of Makhleb.
  2887 | D:4      | Reached skill level 2 in Spellcasting
  2887 | D:4      | Reached XP level 5. HP: 31/46 MP: 5/7
  3084 | D:5      | Entered Level 5 of the Dungeon
  3193 | D:5      | Found a glowing drain.
  3224 | Sewer    | Entered a sewer
  3317 | Sewer    | Noticed Purgy
  3323 | Sewer    | Reached skill level 3 in Unarmed Combat
  3334 | Sewer    | Killed Purgy
  3334 | Sewer    | Reached skill level 1 in Fighting
  3544 | D:5      | Reached XP level 6. HP: 54/55 MP: 8/8
  3564 | D:5      | Noticed Eustachio
  3614 | D:5      | Found Cygiutwi's Antique Armour Shop.
  3853 | D:5      | Reached * piety under Okawaru
  3853 | D:5      | Reached skill level 4 in Unarmed Combat
  4034 | D:5      | Reached skill level 4 in Earth Magic
  4153 | D:2      | Killed Terence
  4385 | D:6      | Reached skill level 2 in Fighting
  4385 | D:6      | Reached skill level 1 in Invocations
  4445 | D:6      | Reached XP level 7. HP: 65/65 MP: 1/9
  4514 | D:6      | Reached skill level 5 in Unarmed Combat
  4539 | D:5      | HP: 14/65 [orc warrior/+0 mace (11)]
  4541 | D:5      | HP: 5/65 [gnoll/+0 flail (7)]
  4543 | D:5      | Demolished by an orc warrior

Skill      XL: |  1  2  3  4  5  6  7 |
---------------+----------------------+-----
Unarmed Combat | 1 2 3 4 5 |  5.1
Earth Magic    | 3 4 |  4.4
Spellcasting   | 2 |  2.0
Fighting       | 1 2 |  2.0
Invocations    | 1 |  1.6
Dodging        | |  1.5
Stealth        | |  1.0
Transmutations | |  0.6

Action                   |  1- 3 |  4- 6 |  7- 9 || total
-------------------------+-------+-------+-------++-------
Melee: Unarmed           |   115 |   136 |    16 ||   267
       Punch             |     1 |     1 |       ||     2
Throw: Stone             |       |     3 |     1 ||     4
 Cast: Sandblast         |    17 |    18 |     6 ||    41
       Stone Arrow       |       |     6 |       ||     6
       Passwall          |       |     1 |     1 ||     2
Invok: Heroism           |       |       |     1 ||     1
  Use: Potion            |     1 |     3 |     1 ||     5
 Stab: Sleeping          |     3 |       |       ||     3
  Eat: Chunk             |    19 |    28 |     2 ||    49
Armor: Robe              |    41 |    44 |    10 ||    95
Dodge: Dodged            |    64 |    44 |    21 ||   129
Block: Other             |       |    31 |     6 ||    37

Levels and vault maps discovered:
D:1:      eino_arrival_water_star, layout_basic
D:2:      layout_loops_ring, lemuel_doored_altar, uniq_terence
D:3:      layout_loops_ring
D:4:      layout_loops_ring, fedhas_altar_2, kennysheep_little_box,
          makhleb_heckhound_becter, temple_statues
D:5:      layout_loops_ring, first_ration, portal_sewer_entry_f, serial_shops,
          shop_coins, hangedman_decor_points, uniq_eustachio
D:6:      layout_loops_ring, basic_altar
Temple:   jpeg_temple_clearing
Sewer:    sewer_co_purgy_island

Table legend:
 A = Turns spent in this place as a percentage of turns spent in the entire game.
 B = Non-inter-level travel turns spent in this place as a percentage of non-inter-level travel turns spent in the entire game.
 C = Inter-level travel turns spent in this place as a percentage of turns spent in this place.
 D = Turns resting spent in this place as a percentage of non-inter-level travel turns spent in this place.
 E = Turns spent auto-exploring this place as a percentage of non-inter-level travel turns spent in this place.
 F = Non-inter-level travel turns spent in this place divided by the number of levels of this place that you've seen.
                   A       B       C       D       E      F
               +-------+-------+-------+-------+-------+----------------------
         Total | 100.0 | 100.0 |  11.5 |   3.4 |  57.3 | 502.5
       Dungeon |  92.4 |  92.2 |  11.7 |   3.7 |  57.5 | 618.0
        Temple |   2.4 |   1.9 |  29.0 |   0.0 |  71.1 |  76.0
         Sewer |   5.2 |   5.9 |   0.0 |   0.0 |  50.4 | 236.0
               +-------+-------+-------+-------+-------+----------------------

Table legend:
 A = Kills in this place as a percentage of kills in entire the game.
 B = Kills by you in this place as a percentage of kills by you in the entire game.
 C = Kills by friends in this place as a percentage of kills by friends in the entire game.
 D = Other kills in this place as a percentage of other kills in the entire game.
 E = Experience gained in this place as a percentage of experience gained in the entire game.
 F = Experience gained in this place divided by the number of levels of this place that you have seen.
                   A       B       C       D       E      F
               +-------+-------+-------+-------+-------+----------------------
         Total | 100.0 | 100.0 |   N/A |   N/A | 100.0 | 114.8
       Dungeon |  89.8 |  89.8 |   N/A |   N/A |  83.7 | 128.0
         Sewer |  10.2 |  10.2 |   N/A |   N/A |  16.3 | 150.0
               +-------+-------+-------+-------+-------+----------------------
